killme, neutral male human Barbarian -.-------+-- |..).....).+ |..........| |.<..f.....| ---.-------- killme the Bandit Experience level: 6 Strength: 18/01 Dexterity: 16 Constitution: 17 Intelligence: 7 Wisdom: 9 Charisma: 8 Health: 0(58) Energy: 18(18) Def: 10 Gold: 631 Moves: 3937 Dungeon seed: G063vlXXYUIxDjhB Game ID: killme_1507209435 Your Inventory: Coins $ - 631 gold pieces Weapons a - a corroded +0 two-handed sword (weapon in hands) b - a +0 axe (alternate weapon; not wielded) Armor e - an uncursed +1 ring mail (being worn) n - an uncursed +0 dwarvish iron helm (being worn) q - an uncursed +1 cloak of invisibility (being worn) Y - an uncursed +0 pair of iron shoes (being worn) Comestibles c - 4 uncursed food rations k - an uncursed tripe ration m - an uncursed melon E - an uncursed cram ration R - an uncursed apple T - an uncursed partly eaten food ration V - an uncursed partly eaten food ration Scrolls I - an uncursed scroll of enchant armor M - an uncursed scroll of remove curse S - an uncursed scroll of magic mapping Spellbooks N - an uncursed spellbook of stone to flesh Potions K - an uncursed potion of water Wands f - a wand of polymorph (0:5) D - a wand of secret door detection (0:15) J - a wand of light (0:13) L - a wand of lightning (0:5) Tools h - an uncursed skeleton key u - 6 uncursed tallow candles (0:200) v - an uncursed leash z - an uncursed wax candle (0:400) A - 2 cursed tallow candles (0:200) B - a +0 pick-axe C - a horn of plenty (0:13) H - an expensive camera (0:61) Q - an uncursed lock pick Spells and supernatural/magical abilities: Name Level Category Fail Memory W - pray for help -- divine ? -- Your skills at the end: Fighting Skills bare handed combat [Basic] Weapon Skills axe [Basic] two-handed sword [Basic] Spellcasting Skills Final Attributes: You were piously aligned. You were poison resistant. You were invisible. You were levitating, at will. You were lucky. You are dead. Vanquished creatures: a gnome king a dwarf lord an ape 2 shriekers 3 gnome lords a gnomish wizard a little dog 5 dwarves a homunculus a kobold shaman a rothe a giant bat 4 killer bees an acid blob 3 hobbits 3 manes 5 giant rats 2 cave spiders a yellow mold a green mold a red mold 17 gnomes 2 garter snakes 2 gnome zombies 2 geckos a jackal 2 foxes a kobold 5 sewer rats 5 grid bugs 2 lichens a kobold zombie 2 newts 82 creatures vanquished. Voluntary challenges: You followed a strict vegan diet. You were an atheist. You used a wielded weapon 74 times, starting on turn 23. You read items or engraved 5 times, starting on turn 219. You never genocided any monsters. You never polymorphed an object. You never changed form. You used no wishes. You never split a pudding. You never wrote Elbereth's name. You violated your moral code, losing 1 point of alignment, starting on turn 2837. Dungeon overview: The Dungeons of Doom: levels 1 to 8 Level 1 a long staircase Level 2 (vault!!!) a fountain Level 3 (headstone) a hardware shop, some fountains Level 4 a fountain stairs to The Gnomish Mines Level 5 a fountain, a sink Level 6 many fountains Level 7 some fountains, a sink Level 8 <- You were here The Gnomish Mines: levels 5 to 6 Level 5 stairs to The Dungeons of Doom Level 6 History has recorded: On T:1 you entered the Dungeons of Doom to retrieve the Amulet of Yendor! On T:67 you reached level 2 of The Dungeons of Doom. On T:534 you reached level 3 of The Dungeons of Doom. On T:606 you reached level 4 of The Dungeons of Doom. On T:1135 you advanced to experience level 2. On T:1303 you reached level 1 of The Gnomish Mines. On T:1311 you advanced to experience level 3. On T:1406 you reached level 2 of The Gnomish Mines. On T:1419 you advanced to experience level 4. On T:1776 you advanced to experience level 5. On T:2214 you reached level 5 of The Dungeons of Doom. On T:2634 you reached level 6 of The Dungeons of Doom. On T:2804 you advanced to experience level 6. On T:2948 you reached level 7 of The Dungeons of Doom. On T:3828 you reached level 8 of The Dungeons of Doom. Score breakdown: Gold: 631 ( 9527 points) Experience: 6 levels (12456 points) Exploration: 8 levels ( 16.67%) (11577 points) Discoveries: 12 items ( 4.88%) ( 6625 points) Valuables value: (no points given unless you survive) Artifact value: 0 ( 0 points) Variety of kills: 33 monsters ( 8.66%) ( 8829 points) Turncount: 3937 turns (-1001 points) Survival: died (score multiplied by 80%) Total score: 38410 Latest messages: That door is closed. (2x) You have nothing to brace yourself against. That door is closed. Everything looks SO boring now. The jaguar hits! (2x) The jaguar bites! The jaguar hits! (2x) The jaguar misses. The jaguar hits! The jaguar misses. (9x) The jaguar hits! The jaguar bites! The jaguar hits! The jaguar misses. The jaguar bites! The jaguar misses. The jaguar just misses! The jaguar bites! The jaguar hits! (2x) The jaguar bites! You die... Final status: Goodbye killme the Barbarian, killed by a jaguar... You died in The Dungeons of Doom on dungeon level 8 with 38410 points, and 631 pieces of gold, after 3937 moves. You were level 6 with a maximum of 58 hit points when you died.